[ PARTIDA AOE2 · #484440084 ]
UnrankedTurcos vs Khmer
[ ANÁLISIS DE REPETICIÓN · EXTRAÍDO DE LA PARTIDA GRABADA ]
Feudal
12:17
Castillos
16:25
Imperial
29:13
| APM promedio | 44.3 |
| APM pico | 98 |
| eAPM promedio | 17.2 |
| Aldeanos / militares | 123 / 133 |
Foco
⚔️ 27.5% · 🌾 72.5%
Scout Cavalry ×71 · Janissary ×49 · Bombard Cannon ×6 · Hand Cannoneer ×6 · Monk ×1
Feudal
11:39
Castillos
15:59
Imperial
28:27
| APM promedio | 27.2 |
| APM pico | 81 |
| eAPM promedio | 17.5 |
| Aldeanos / militares | 107 / 205 |
Foco
⚔️ 37.1% · 🌾 62.9%
Huskarl ×197 · Mangonel ×7 · Spearman ×1
Feudal
10:31
Castillos
14:01
Imperial
27:14
| APM promedio | 22.9 |
| APM pico | 64 |
| eAPM promedio | 12.5 |
| Aldeanos / militares | 142 / 149 |
Foco
⚔️ 34.6% · 🌾 65.4%
Scorpion ×79 · Battle Elephant ×53 · Scout Cavalry ×17
Feudal
12:11
Castillos
16:31
Imperial
31:39
| APM promedio | 39.9 |
| APM pico | 113 |
| eAPM promedio | 26.6 |
| Aldeanos / militares | 193 / 146 |
Foco
⚔️ 20.4% · 🌾 79.6%
Knight ×81 · Hand Cannoneer ×43 · Teutonic Knight ×21 · Monk ×1
Feudal
10:33
Castillos
14:09
Imperial
33:00
| APM promedio | 27.6 |
| APM pico | 69 |
| eAPM promedio | 21.2 |
| Aldeanos / militares | 126 / 431 |
Foco
⚔️ 56.1% · 🌾 43.9%
Spearman ×198 · Huskarl ×131 · Militia ×101 · Monk ×1
Feudal
11:54
Castillos
15:29
Imperial
31:21
| APM promedio | 32.5 |
| APM pico | 81 |
| eAPM promedio | 15.3 |
| Aldeanos / militares | 115 / 103 |
Foco
⚔️ 36.2% · 🌾 63.8%
Archer ×58 · Mangonel ×15 · Kamayuk ×14 · Monk ×9 · Trebuchet (Packed) ×5 · Battering Ram ×2
Feudal
10:21
Castillos
16:03
Imperial
41:35
| APM promedio | 31.7 |
| APM pico | 77 |
| eAPM promedio | 16.7 |
| Aldeanos / militares | 171 / 88 |
Foco
⚔️ 23.7% · 🌾 76.3%
Hand Cannoneer ×76 · Scout Cavalry ×6 · Bombard Cannon ×3 · Hussite Wagon ×2 · Monk ×1
Feudal
10:46
Castillos
14:18
Imperial
27:28
| APM promedio | 46.1 |
| APM pico | 100 |
| eAPM promedio | 14.3 |
| Aldeanos / militares | 137 / 218 |
Foco
⚔️ 27.3% · 🌾 72.7%
Hand Cannoneer ×122 · Spearman ×49 · Bombard Cannon ×45 · Monk ×1 · Mangonel ×1
Mapa de la partida
Recursos iniciales + cada clic de construcción. Líneas = muros · curvas = relieve. ◆ oro · ⬟ piedra · ● bayas · ✦ reliquia · ◌ hueco del cierre
Tu base· ✓ Cerrada en 16:25 · 0t muro · 2 puerta(s)
Base de ennio2mil· ✓ Cerrada en 15:59 · 0t muro · 2 puerta(s)
Base de Camsera· ✓ Cerrada en 14:01 · 0t muro · 2 puerta(s)
Base de mR_GrincH_· ✓ Cerrada en 16:31 · 0t muro · 3 puerta(s)
Base de CKWeather· ✓ Cerrada en 14:09 · 0t muro · 2 puerta(s)
Base de 2high2drush· ✓ Cerrada en 15:29 · 0t muro · 2 puerta(s)
Base de Pegui· ✓ Cerrada en 16:03 · 0t muro · 2 puerta(s)
Base de CrimsonTyphoon· ✓ Cerrada en 14:18 · 0t muro · 2 puerta(s)
Terreno inicial suavizado · ◌ = hueco del cierre detectado · pasá el cursor para detalles
Inputs por minuto
— Ancient - - ennio2mil
Build order — Ancient
Primeras 150 de 365 acciones detectadas
| 0:00 | Crear | Villager (Male) |
| 0:01 | Crear | Villager (Male) |
| 0:01 | Crear | Villager (Male) |
| 0:02 | Construir | House |
| 0:04 | Construir | House |
| 0:20 | Crear | Villager (Male) |
| 0:20 | Crear | Villager (Male) |
| 1:31 | Crear | Villager (Male) |
| 1:53 | Crear | Villager (Male) |
| 1:53 | Crear | Villager (Male) |
| 2:23 | Construir | Lumber Camp |
| 2:25 | Crear | Villager (Male) |
| 2:27 | Crear | Villager (Male) |
| 2:55 | Crear | Villager (Male) |
| 3:26 | Crear | Villager (Male) |
| 3:52 | Crear | Villager (Male) |
| 3:53 | Crear | Villager (Male) |
| 4:09 | Crear | Villager (Male) |
| 4:29 | Crear | Villager (Male) |
| 4:30 | Crear | Villager (Male) |
| 4:30 | Crear | Villager (Male) |
| 4:41 | Investigar | Loom |
| 4:43 | Construir | House |
| 4:49 | Crear | Villager (Male) |
| 4:57 | Crear | Villager (Male) |
| 5:07 | Crear | Villager (Male) |
| 5:32 | Construir | House |
| 5:33 | Construir | House |
| 5:38 | Crear | Villager (Male) |
| 5:42 | Crear | Villager (Male) |
| 5:46 | Crear | Villager (Male) |
| 6:00 | Crear | Villager (Male) |
| 6:42 | Construir | Mill |
| 6:57 | Crear | Villager (Male) |
| 6:57 | Crear | Villager (Male) |
| 7:08 | Crear | Villager (Male) |
| 7:17 | Crear | Villager (Male) |
| 7:21 | Construir | House |
| 7:29 | Crear | Villager (Male) |
| 7:50 | Crear | Villager (Male) |
| 7:54 | Construir | House |
| 8:29 | Construir | Mining Camp |
| 8:54 | Crear | Villager (Male) |
| 9:20 | Investigar | Feudal Age |
| 11:06 | Construir | House |
| 11:16 | Construir | Barracks |
| 11:38 | Crear | Villager (Male) |
| 12:17 | Edad | Edad Feudal |
| 12:19 | Construir | Stable |
| 12:24 | Construir | Market |
| 12:39 | Construir | Mining Camp |
| 12:55 | Crear | Villager (Male) |
| 13:20 | Crear | Villager (Male) |
| 13:27 | Investigar | Castle Age |
| 13:28 | Investigar | Horse Collar |
| 13:29 | Investigar | Horse Collar |
| 13:48 | Investigar | Double-Bit Axe |
| 13:56 | Construir | Farm |
| 13:59 | Crear | Villager (Male) |
| 14:05 | Construir | Farm |
| 14:09 | Construir | Farm |
| 14:12 | Construir | Farm |
| 14:15 | Construir | Farm |
| 14:17 | Construir | Farm |
| 14:48 | Crear | Villager (Male) |
| 14:54 | Construir | Blacksmith |
| 15:08 | Crear | Villager (Male) |
| 15:57 | Crear | Villager (Male) |
| 16:13 | Crear | Villager (Male) |
| 16:21 | Crear | Scout Cavalry |
| 16:25 | Edad | Edad de los Castillos |
| 16:33 | Construir | Monastery |
| 16:39 | Crear | Villager (Male) |
| 17:20 | Crear | Villager (Male) |
| 17:31 | Construir | Farm |
| 17:33 | Construir | Farm |
| 17:34 | Crear | Monk |
| 17:46 | Crear | Scout Cavalry |
| 17:49 | Construir | Farm |
| 18:00 | Construir | Town Center |
| 18:07 | Crear | Villager (Male) |
| 18:17 | Construir | Farm |
| 18:35 | Construir | Town Center |
| 18:49 | Crear | Villager (Male) |
| 18:51 | Construir | Farm |
| 18:53 | Crear | Scout Cavalry |
| 19:01 | Construir | Farm |
| 19:28 | Crear | Villager (Male) |
| 19:45 | Crear | Villager (Male) |
| 19:49 | Construir | Farm |
| 19:55 | Construir | Farm |
| 19:55 | Construir | Farm |
| 19:59 | Construir | Farm |
| 20:00 | Crear | Villager (Male) |
| 20:02 | Crear | Villager (Male) |
| 20:10 | Crear | Villager (Male) |
| 20:32 | Construir | Castle |
| 20:39 | Crear | Villager (Male) |
| 20:40 | Crear | Villager (Male) |
| 20:46 | Crear | Villager (Male) |
| 20:48 | Construir | Farm |
| 20:49 | Construir | Farm |
| 20:49 | Construir | Farm |
| 20:54 | Construir | Farm |
| 20:56 | Crear | Villager (Male) |
| 21:00 | Crear | Villager (Male) |
| 21:10 | Construir | Farm |
| 21:11 | Construir | Farm |
| 21:12 | Construir | Farm |
| 21:15 | Crear | Villager (Male) |
| 21:16 | Crear | Villager (Male) |
| 21:20 | Construir | Farm |
| 21:33 | Crear | Villager (Male) |
| 21:34 | Crear | Villager (Male) |
| 21:41 | Construir | Farm |
| 22:02 | Crear | Scout Cavalry |
| 22:11 | Construir | Farm |
| 22:12 | Crear | Villager (Male) |
| 22:14 | Crear | Villager (Male) |
| 22:24 | Crear | Villager (Male) |
| 22:24 | Crear | Villager (Male) |
| 22:24 | Crear | Villager (Male) |
| 22:30 | Construir | Siege Workshop |
| 22:37 | Crear | Scout Cavalry |
| 22:45 | Crear | Villager (Male) |
| 22:45 | Crear | Villager (Male) |
| 22:46 | Crear | Villager (Male) |
| 22:53 | Construir | Farm |
| 22:53 | Construir | Farm |
| 22:53 | Construir | Farm |
| 22:53 | Construir | Farm |
| 23:02 | Construir | Farm |
| 23:04 | Crear | Villager (Male) |
| 23:04 | Crear | Villager (Male) |
| 23:04 | Crear | Villager (Male) |
| 23:24 | Crear | Villager (Male) |
| 23:32 | Crear | Villager (Male) |
| 23:35 | Crear | Villager (Male) |
| 23:36 | Crear | Villager (Male) |
| 23:38 | Construir | Farm |
| 23:38 | Construir | Farm |
| 23:39 | Construir | Farm |
| 23:58 | Construir | Lumber Camp |
| 24:02 | Crear | Villager (Male) |
| 24:04 | Crear | Villager (Male) |
| 24:07 | Crear | Villager (Male) |
| 24:32 | Crear | Villager (Male) |
| 24:42 | Crear | Villager (Male) |
| 24:45 | Crear | Villager (Male) |
| 24:52 | Construir | Farm |
Build order — ennio2mil
Primeras 150 de 439 acciones detectadas
| 0:06 | Construir | House |
| 0:09 | Construir | House |
| 0:10 | Crear | Villager (Male) |
| 0:10 | Crear | Villager (Male) |
| 0:11 | Crear | Villager (Male) |
| 0:11 | Crear | Villager (Male) |
| 1:57 | Crear | Villager (Male) |
| 1:57 | Crear | Villager (Male) |
| 1:57 | Crear | Villager (Male) |
| 2:49 | Crear | Villager (Male) |
| 2:50 | Crear | Villager (Male) |
| 2:50 | Crear | Villager (Male) |
| 3:02 | Construir | Lumber Camp |
| 3:39 | Crear | Villager (Male) |
| 3:39 | Crear | Villager (Male) |
| 3:39 | Crear | Villager (Male) |
| 3:48 | Construir | House |
| 3:49 | Construir | House |
| 4:24 | Crear | Villager (Male) |
| 4:25 | Crear | Villager (Male) |
| 4:25 | Crear | Villager (Male) |
| 5:00 | Construir | House |
| 5:02 | Construir | House |
| 5:11 | Crear | Villager (Male) |
| 5:11 | Crear | Villager (Male) |
| 5:11 | Crear | Villager (Male) |
| 5:52 | Crear | Villager (Male) |
| 6:38 | Crear | Villager (Male) |
| 6:38 | Crear | Villager (Male) |
| 6:59 | Construir | Mill |
| 8:14 | Crear | Villager (Male) |
| 8:14 | Crear | Villager (Male) |
| 8:43 | Construir | Farm |
| 9:00 | Crear | Villager (Male) |
| 9:12 | Construir | Mining Camp |
| 9:16 | Construir | Farm |
| 9:18 | Construir | Farm |
| 9:24 | Investigar | Feudal Age |
| 9:50 | Construir | Farm |
| 10:22 | Construir | Farm |
| 10:28 | Crear | Villager (Male) |
| 10:28 | Crear | Villager (Male) |
| 11:04 | Construir | Farm |
| 11:13 | Crear | Villager (Male) |
| 11:37 | Crear | Villager (Male) |
| 11:39 | Edad | Edad Feudal |
| 11:52 | Construir | Blacksmith |
| 12:04 | Construir | Market |
| 12:30 | Construir | Mining Camp |
| 12:59 | Construir | Farm |
| 13:15 | Investigar | Castle Age |
| 13:35 | Construir | House |
| 13:36 | Construir | House |
| 13:55 | Investigar | Double-Bit Axe |
| 14:35 | Investigar | Gold Mining |
| 14:42 | Investigar | Horse Collar |
| 15:04 | Investigar | Gold Mining |
| 15:34 | Investigar | Stone Mining |
| 15:59 | Edad | Edad de los Castillos |
| 16:08 | Crear | Villager (Male) |
| 16:08 | Crear | Villager (Male) |
| 16:17 | Construir | Town Center |
| 16:23 | Construir | Farm |
| 16:36 | Crear | Villager (Male) |
| 17:01 | Construir | Town Center |
| 17:05 | Crear | Villager (Male) |
| 17:35 | Construir | Castle |
| 17:41 | Construir | Mining Camp |
| 17:55 | Crear | Villager (Male) |
| 18:01 | Crear | Villager (Male) |
| 18:09 | Crear | Villager (Male) |
| 18:17 | Crear | Villager (Male) |
| 18:35 | Construir | Farm |
| 18:40 | Construir | Farm |
| 18:44 | Crear | Villager (Male) |
| 18:44 | Crear | Villager (Male) |
| 18:51 | Construir | Farm |
| 18:56 | Crear | Villager (Male) |
| 19:09 | Construir | Farm |
| 19:13 | Construir | Farm |
| 19:15 | Crear | Villager (Male) |
| 19:26 | Crear | Villager (Male) |
| 19:29 | Crear | Villager (Male) |
| 19:32 | Crear | Villager (Male) |
| 19:38 | Construir | Farm |
| 19:49 | Crear | Huskarl |
| 19:49 | Crear | Huskarl |
| 19:50 | Crear | Huskarl |
| 20:00 | Construir | Farm |
| 20:03 | Construir | Farm |
| 20:06 | Construir | Farm |
| 20:08 | Crear | Villager (Male) |
| 20:10 | Crear | Villager (Male) |
| 20:14 | Crear | Villager (Male) |
| 20:28 | Crear | Huskarl |
| 20:45 | Crear | Huskarl |
| 20:58 | Crear | Villager (Male) |
| 20:59 | Crear | Villager (Male) |
| 20:59 | Crear | Villager (Male) |
| 21:05 | Construir | Farm |
| 21:13 | Construir | Farm |
| 21:19 | Crear | Villager (Male) |
| 21:19 | Crear | Villager (Male) |
| 21:20 | Crear | Villager (Male) |
| 21:24 | Construir | Farm |
| 21:26 | Construir | Farm |
| 21:30 | Construir | Farm |
| 21:32 | Construir | Farm |
| 21:36 | Construir | Farm |
| 21:42 | Crear | Villager (Male) |
| 21:43 | Crear | Villager (Male) |
| 21:43 | Crear | Villager (Male) |
| 21:59 | Crear | Huskarl |
| 22:17 | Crear | Villager (Male) |
| 22:18 | Crear | Villager (Male) |
| 22:18 | Crear | Villager (Male) |
| 22:41 | Investigar | Scale Mail Armor |
| 22:50 | Construir | Farm |
| 22:54 | Construir | Farm |
| 22:56 | Construir | Farm |
| 23:01 | Investigar | Wheelbarrow |
| 23:03 | Crear | Villager (Male) |
| 23:08 | Crear | Villager (Male) |
| 23:16 | Construir | Farm |
| 23:20 | Construir | Farm |
| 23:23 | Construir | Farm |
| 23:27 | Crear | Villager (Male) |
| 23:30 | Crear | Villager (Male) |
| 23:34 | Crear | Villager (Male) |
| 25:17 | Investigar | Imperial Age |
| 25:25 | Construir | Barracks |
| 25:30 | Construir | Barracks |
| 25:43 | Construir | Farm |
| 25:45 | Construir | Farm |
| 25:48 | Construir | Farm |
| 25:51 | Investigar | Hand Cart |
| 25:56 | Crear | Villager (Male) |
| 25:58 | Crear | Villager (Male) |
| 26:17 | Construir | Farm |
| 26:20 | Crear | Villager (Male) |
| 26:27 | Investigar | Chain Mail Armor |
| 26:35 | Investigar | Anarchy |
| 26:44 | Construir | Barracks |
| 26:52 | Construir | House |
| 26:53 | Construir | House |
| 26:55 | Construir | House |
| 26:57 | Construir | House |
| 26:59 | Construir | House |
| 27:09 | Investigar | Forging |
| 27:15 | Crear | Villager (Male) |
Build order — Camsera
Primeras 150 de 388 acciones detectadas
| 0:01 | Crear | Villager (Male) |
| 0:01 | Crear | Villager (Male) |
| 0:01 | Crear | Villager (Male) |
| 0:03 | Construir | House |
| 0:04 | Construir | House |
| 0:32 | Crear | Villager (Male) |
| 1:27 | Crear | Villager (Male) |
| 1:59 | Construir | Lumber Camp |
| 2:31 | Crear | Villager (Male) |
| 2:31 | Crear | Villager (Male) |
| 3:10 | Crear | Villager (Male) |
| 3:26 | Construir | House |
| 3:37 | Crear | Villager (Male) |
| 3:37 | Crear | Villager (Male) |
| 4:03 | Construir | House |
| 4:21 | Crear | Villager (Male) |
| 4:34 | Crear | Villager (Male) |
| 4:35 | Crear | Villager (Male) |
| 4:35 | Crear | Villager (Male) |
| 5:46 | Crear | Villager (Male) |
| 5:46 | Crear | Villager (Male) |
| 6:05 | Construir | Mill |
| 6:10 | Crear | Villager (Male) |
| 6:10 | Crear | Villager (Male) |
| 6:26 | Crear | Villager (Male) |
| 6:27 | Crear | Villager (Male) |
| 8:00 | Construir | Mining Camp |
| 8:05 | Investigar | Feudal Age |
| 8:07 | Crear | Villager (Male) |
| 8:07 | Crear | Villager (Male) |
| 10:31 | Edad | Edad Feudal |
| 10:32 | Construir | Market |
| 10:39 | Construir | Blacksmith |
| 11:06 | Investigar | Castle Age |
| 11:53 | Investigar | Double-Bit Axe |
| 11:56 | Investigar | Horse Collar |
| 12:05 | Construir | Farm |
| 13:49 | Crear | Villager (Male) |
| 14:01 | Edad | Edad de los Castillos |
| 14:02 | Construir | House |
| 14:05 | Construir | Town Center |
| 14:10 | Investigar | Wheelbarrow |
| 14:18 | Construir | House |
| 14:35 | Crear | Villager (Male) |
| 14:55 | Construir | Town Center |
| 15:02 | Construir | Town Center |
| 15:19 | Crear | Villager (Male) |
| 15:19 | Crear | Villager (Male) |
| 15:19 | Crear | Villager (Male) |
| 15:28 | Crear | Villager (Male) |
| 15:28 | Crear | Villager (Male) |
| 15:32 | Construir | Farm |
| 15:41 | Construir | Farm |
| 15:43 | Construir | Farm |
| 15:45 | Construir | Farm |
| 15:50 | Crear | Villager (Male) |
| 15:50 | Crear | Villager (Male) |
| 16:07 | Construir | Farm |
| 16:11 | Construir | Farm |
| 16:16 | Construir | Farm |
| 16:18 | Crear | Villager (Male) |
| 16:21 | Construir | Farm |
| 16:37 | Construir | Farm |
| 16:38 | Crear | Villager (Male) |
| 16:44 | Construir | Farm |
| 16:49 | Construir | Farm |
| 16:57 | Crear | Villager (Male) |
| 17:22 | Construir | Farm |
| 17:23 | Crear | Villager (Male) |
| 17:23 | Crear | Villager (Male) |
| 17:29 | Construir | Farm |
| 17:35 | Construir | Farm |
| 17:39 | Construir | Farm |
| 17:42 | Construir | Farm |
| 17:43 | Crear | Villager (Male) |
| 17:43 | Crear | Villager (Male) |
| 17:43 | Crear | Villager (Male) |
| 17:49 | Construir | Farm |
| 17:52 | Construir | Farm |
| 17:55 | Construir | Farm |
| 17:57 | Crear | Villager (Male) |
| 17:58 | Crear | Villager (Male) |
| 18:05 | Construir | Farm |
| 18:10 | Construir | Farm |
| 18:11 | Crear | Villager (Male) |
| 18:19 | Crear | Villager (Male) |
| 18:20 | Crear | Villager (Male) |
| 18:24 | Construir | Farm |
| 18:30 | Crear | Villager (Male) |
| 18:43 | Construir | House |
| 18:44 | Construir | House |
| 18:44 | Construir | House |
| 19:00 | Crear | Villager (Male) |
| 19:00 | Crear | Villager (Male) |
| 19:01 | Crear | Villager (Male) |
| 19:12 | Construir | Farm |
| 19:14 | Construir | Farm |
| 19:15 | Crear | Villager (Male) |
| 19:16 | Crear | Villager (Male) |
| 19:20 | Construir | House |
| 19:23 | Construir | House |
| 19:24 | Construir | House |
| 19:25 | Construir | House |
| 19:26 | Construir | House |
| 19:27 | Construir | House |
| 19:28 | Crear | Villager (Male) |
| 19:28 | Crear | Villager (Male) |
| 19:33 | Investigar | Bow Saw |
| 19:38 | Crear | Villager (Male) |
| 19:38 | Crear | Villager (Male) |
| 19:48 | Investigar | Gold Mining |
| 19:53 | Crear | Villager (Male) |
| 20:07 | Investigar | Heavy Plow |
| 20:12 | Crear | Villager (Male) |
| 20:20 | Construir | Farm |
| 20:21 | Crear | Villager (Male) |
| 20:21 | Crear | Villager (Male) |
| 20:23 | Construir | Farm |
| 20:26 | Construir | Farm |
| 20:29 | Construir | Farm |
| 20:34 | Crear | Villager (Male) |
| 20:34 | Crear | Villager (Male) |
| 20:35 | Crear | Villager (Male) |
| 20:44 | Construir | Mining Camp |
| 20:48 | Crear | Villager (Male) |
| 20:48 | Crear | Villager (Male) |
| 20:48 | Crear | Villager (Male) |
| 21:05 | Crear | Villager (Male) |
| 21:06 | Crear | Villager (Male) |
| 21:06 | Crear | Villager (Male) |
| 21:45 | Investigar | Hand Cart |
| 21:46 | Crear | Villager (Male) ×4 |
| 22:13 | Crear | Villager (Male) |
| 22:13 | Crear | Villager (Male) |
| 22:32 | Crear | Villager (Male) |
| 22:36 | Construir | Farm |
| 22:38 | Crear | Villager (Male) |
| 22:42 | Construir | House |
| 22:43 | Construir | House |
| 22:44 | Construir | House |
| 22:45 | Construir | House |
| 22:46 | Construir | House |
| 22:47 | Construir | House |
| 22:49 | Construir | House |
| 22:50 | Construir | House |
| 22:50 | Construir | House |
| 22:52 | Crear | Villager (Male) |
| 22:52 | Crear | Villager (Male) |
| 23:23 | Investigar | Town Watch |
| 23:39 | Investigar | Loom |
Build order — mR_GrincH_
Primeras 150 de 554 acciones detectadas
| 0:01 | Crear | Villager (Male) |
| 0:01 | Crear | Villager (Male) |
| 0:02 | Crear | Villager (Male) |
| 0:02 | Crear | Villager (Male) |
| 0:04 | Construir | House |
| 0:05 | Construir | House |
| 1:24 | Crear | Villager (Male) |
| 1:24 | Crear | Villager (Male) |
| 1:44 | Construir | Lumber Camp |
| 1:50 | Crear | Villager (Male) |
| 2:23 | Crear | Villager (Male) |
| 2:45 | Crear | Villager (Male) |
| 3:15 | Crear | Villager (Male) |
| 3:37 | Crear | Villager (Male) |
| 3:50 | Construir | House |
| 4:04 | Crear | Villager (Male) |
| 4:04 | Crear | Villager (Male) |
| 4:14 | Construir | Mill |
| 4:23 | Crear | Villager (Male) |
| 4:30 | Construir | House |
| 4:30 | Construir | House |
| 4:38 | Crear | Villager (Male) |
| 4:38 | Crear | Villager (Male) |
| 4:38 | Crear | Villager (Male) |
| 4:47 | Construir | House |
| 5:29 | Construir | Farm |
| 5:30 | Crear | Villager (Male) |
| 5:30 | Crear | Villager (Male) |
| 5:41 | Crear | Villager (Male) |
| 5:54 | Construir | Farm |
| 6:20 | Crear | Villager (Male) |
| 6:20 | Crear | Villager (Male) |
| 6:36 | Crear | Villager (Male) |
| 6:36 | Crear | Villager (Male) |
| 6:36 | Crear | Villager (Male) |
| 7:20 | Crear | Villager (Male) |
| 7:20 | Crear | Villager (Male) |
| 7:21 | Crear | Villager (Male) |
| 7:39 | Construir | Farm |
| 7:59 | Construir | Farm |
| 8:01 | Crear | Villager (Male) |
| 8:01 | Crear | Villager (Male) |
| 8:02 | Crear | Villager (Male) |
| 8:02 | Crear | Villager (Male) |
| 8:02 | Crear | Villager (Male) |
| 8:24 | Construir | Mining Camp |
| 9:36 | Construir | Farm |
| 9:38 | Investigar | Feudal Age |
| 9:38 | Investigar | Feudal Age |
| 10:58 | Crear | Villager (Male) |
| 10:58 | Crear | Villager (Male) |
| 10:58 | Crear | Villager (Male) |
| 12:11 | Edad | Edad Feudal |
| 12:14 | Investigar | Horse Collar |
| 12:15 | Investigar | Double-Bit Axe |
| 12:17 | Investigar | Gold Mining |
| 12:22 | Construir | Market |
| 12:49 | Construir | Farm |
| 12:51 | Construir | Farm |
| 12:52 | Construir | Farm |
| 12:59 | Construir | Lumber Camp |
| 13:05 | Construir | Farm |
| 13:07 | Construir | Farm |
| 13:14 | Construir | Blacksmith |
| 13:17 | Crear | Villager (Male) |
| 13:39 | Crear | Villager (Male) |
| 13:47 | Investigar | Castle Age |
| 13:47 | Investigar | Castle Age |
| 15:00 | Investigar | Wheelbarrow |
| 16:31 | Edad | Edad de los Castillos |
| 16:39 | Construir | Town Center |
| 16:44 | Investigar | Bow Saw |
| 16:53 | Construir | Town Center |
| 17:25 | Construir | Farm |
| 17:27 | Crear | Villager (Male) |
| 17:27 | Crear | Villager (Male) |
| 17:27 | Crear | Villager (Male) |
| 17:48 | Construir | Town Center |
| 17:50 | Crear | Villager (Male) |
| 17:55 | Investigar | Hand Cart |
| 18:04 | Construir | Farm |
| 18:13 | Construir | House |
| 18:21 | Crear | Villager (Male) |
| 18:21 | Crear | Villager (Male) |
| 18:23 | Construir | Farm |
| 18:25 | Construir | Farm |
| 18:29 | Construir | Farm |
| 18:30 | Crear | Villager (Male) |
| 18:35 | Crear | Villager (Male) |
| 18:35 | Crear | Villager (Male) |
| 18:36 | Crear | Villager (Male) |
| 18:43 | Construir | Farm |
| 18:44 | Construir | Farm |
| 18:45 | Construir | Farm |
| 18:46 | Construir | Farm |
| 18:47 | Crear | Villager (Male) |
| 18:47 | Crear | Villager (Male) |
| 18:51 | Crear | Villager (Male) |
| 18:51 | Crear | Villager (Male) |
| 18:53 | Construir | Farm |
| 18:57 | Construir | House |
| 19:15 | Construir | Farm |
| 19:17 | Construir | Farm |
| 19:18 | Construir | Farm |
| 19:24 | Crear | Villager (Male) |
| 19:25 | Crear | Villager (Male) |
| 19:25 | Crear | Villager (Male) |
| 19:29 | Construir | House |
| 19:37 | Crear | Villager (Male) |
| 19:43 | Construir | Farm |
| 19:59 | Crear | Villager (Male) |
| 20:01 | Crear | Villager (Male) |
| 20:02 | Crear | Villager (Male) |
| 20:02 | Crear | Villager (Male) |
| 20:02 | Crear | Villager (Male) |
| 20:03 | Construir | Farm |
| 20:07 | Construir | Farm |
| 20:13 | Construir | House |
| 20:14 | Construir | House |
| 20:24 | Crear | Villager (Male) |
| 20:40 | Crear | Villager (Male) |
| 20:40 | Crear | Villager (Male) |
| 20:40 | Crear | Villager (Male) |
| 20:40 | Crear | Villager (Male) |
| 20:44 | Construir | House |
| 20:52 | Construir | Lumber Camp |
| 20:53 | Crear | Villager (Male) |
| 20:59 | Crear | Villager (Male) |
| 21:02 | Construir | Farm |
| 21:09 | Construir | Town Center |
| 21:12 | Crear | Villager (Male) |
| 21:13 | Crear | Villager (Male) |
| 21:15 | Crear | Villager (Male) |
| 21:15 | Crear | Villager (Male) |
| 21:16 | Crear | Villager (Male) |
| 21:16 | Crear | Villager (Male) |
| 21:16 | Crear | Villager (Male) |
| 21:20 | Construir | Farm |
| 21:24 | Investigar | Stone Mining |
| 21:26 | Crear | Villager (Male) |
| 21:36 | Construir | Farm |
| 21:38 | Construir | Farm |
| 21:39 | Construir | Farm |
| 21:40 | Construir | Farm |
| 21:42 | Construir | Farm |
| 21:44 | Crear | Villager (Male) |
| 21:44 | Crear | Villager (Male) |
| 21:45 | Crear | Villager (Male) |
| 21:48 | Construir | Barracks |
| 21:53 | Crear | Villager (Male) |
Build order — CKWeather
Primeras 150 de 729 acciones detectadas
| 0:00 | Crear | Villager (Male) |
| 0:03 | Construir | House |
| 0:05 | Construir | House |
| 0:16 | Crear | Villager (Male) |
| 0:16 | Crear | Villager (Male) |
| 0:34 | Crear | Villager (Male) |
| 1:25 | Crear | Villager (Male) |
| 1:53 | Construir | Lumber Camp |
| 2:05 | Crear | Villager (Male) |
| 2:33 | Crear | Villager (Male) |
| 2:54 | Crear | Villager (Male) |
| 3:20 | Crear | Villager (Male) |
| 3:29 | Construir | House |
| 3:44 | Crear | Villager (Male) |
| 4:00 | Crear | Villager (Male) |
| 4:05 | Construir | House |
| 4:06 | Construir | House |
| 4:29 | Crear | Villager (Male) |
| 4:44 | Crear | Villager (Male) |
| 5:14 | Crear | Villager (Male) |
| 5:15 | Crear | Villager (Male) |
| 6:01 | Crear | Villager (Male) |
| 6:37 | Crear | Villager (Male) |
| 6:53 | Construir | Mill |
| 6:58 | Crear | Villager (Male) |
| 7:32 | Crear | Villager (Male) |
| 7:49 | Crear | Villager (Male) |
| 7:59 | Construir | Mining Camp |
| 8:06 | Investigar | Feudal Age |
| 8:24 | Construir | Farm |
| 8:46 | Construir | Farm |
| 9:02 | Crear | Villager (Male) |
| 9:02 | Crear | Villager (Male) |
| 10:33 | Edad | Edad Feudal |
| 10:34 | Construir | Blacksmith |
| 10:40 | Construir | Market |
| 11:26 | Construir | House |
| 11:29 | Investigar | Castle Age |
| 12:04 | Construir | Barracks |
| 12:09 | Investigar | Double-Bit Axe |
| 12:14 | Investigar | Horse Collar |
| 12:20 | Investigar | Loom |
| 12:20 | Crear | Villager (Male) |
| 12:30 | Construir | House |
| 13:39 | Construir | House |
| 14:09 | Edad | Edad de los Castillos |
| 14:12 | Construir | Monastery |
| 14:28 | Crear | Villager (Male) |
| 14:35 | Construir | Town Center |
| 14:56 | Construir | House |
| 15:01 | Crear | Monk |
| 15:02 | Crear | Villager (Male) |
| 15:14 | Construir | House |
| 15:21 | Crear | Spearman |
| 15:49 | Crear | Villager (Male) |
| 15:56 | Construir | Town Center |
| 16:16 | Crear | Villager (Male) |
| 16:31 | Crear | Villager (Male) |
| 16:52 | Crear | Villager (Male) |
| 16:55 | Crear | Villager (Male) |
| 16:58 | Crear | Villager (Male) |
| 17:00 | Investigar | Heavy Plow |
| 17:09 | Construir | Farm |
| 17:16 | Crear | Villager (Male) |
| 17:16 | Crear | Villager (Male) |
| 17:20 | Construir | Farm |
| 17:32 | Crear | Villager (Male) |
| 17:33 | Crear | Villager (Male) |
| 17:58 | Crear | Villager (Male) |
| 18:09 | Construir | Farm |
| 18:10 | Construir | Farm |
| 18:15 | Construir | Farm |
| 18:28 | Crear | Villager (Male) |
| 18:28 | Crear | Villager (Male) |
| 18:52 | Crear | Villager (Male) |
| 18:57 | Construir | Farm |
| 19:04 | Construir | Farm |
| 19:07 | Construir | Farm |
| 19:08 | Construir | Farm |
| 19:10 | Construir | Farm |
| 19:11 | Construir | Farm |
| 19:23 | Crear | Villager (Male) |
| 19:30 | Construir | Mining Camp |
| 19:53 | Crear | Villager (Male) |
| 19:53 | Crear | Villager (Male) |
| 19:58 | Construir | Farm |
| 19:59 | Construir | Farm |
| 20:08 | Construir | Farm |
| 20:12 | Construir | Farm |
| 20:15 | Construir | Farm |
| 20:19 | Construir | Farm |
| 20:20 | Crear | Villager (Male) |
| 20:20 | Crear | Villager (Male) |
| 20:23 | Construir | Farm |
| 20:27 | Construir | Farm |
| 20:30 | Construir | Farm |
| 20:34 | Construir | Farm |
| 20:35 | Crear | Villager (Male) |
| 20:35 | Crear | Villager (Male) |
| 20:42 | Construir | Farm |
| 20:51 | Construir | House |
| 20:52 | Construir | House |
| 20:59 | Crear | Villager (Male) |
| 21:00 | Crear | Villager (Male) |
| 21:00 | Crear | Villager (Male) |
| 21:03 | Construir | Farm |
| 21:08 | Construir | Farm |
| 21:12 | Construir | Farm |
| 21:49 | Crear | Villager (Male) |
| 21:49 | Crear | Villager (Male) |
| 21:49 | Crear | Villager (Male) |
| 21:52 | Construir | Farm |
| 21:53 | Construir | Farm |
| 21:58 | Construir | Farm |
| 22:03 | Construir | Farm |
| 22:07 | Construir | Farm |
| 22:08 | Crear | Villager (Male) |
| 22:08 | Crear | Villager (Male) |
| 22:08 | Crear | Villager (Male) |
| 22:29 | Crear | Villager (Male) |
| 22:29 | Crear | Villager (Male) |
| 22:29 | Crear | Villager (Male) |
| 22:30 | Investigar | Town Watch |
| 22:35 | Investigar | Forging |
| 22:35 | Investigar | Scale Mail Armor |
| 22:38 | Construir | House |
| 22:39 | Construir | House |
| 22:40 | Construir | House |
| 22:41 | Construir | House |
| 22:42 | Construir | House |
| 22:44 | Crear | Villager (Male) |
| 22:44 | Crear | Villager (Male) |
| 22:50 | Construir | Town Center |
| 22:58 | Construir | Farm |
| 23:04 | Crear | Villager (Male) |
| 23:05 | Crear | Villager (Male) |
| 23:05 | Crear | Villager (Male) |
| 23:18 | Construir | Lumber Camp |
| 23:28 | Crear | Villager (Male) |
| 23:51 | Crear | Villager (Male) |
| 23:51 | Crear | Villager (Male) |
| 23:51 | Crear | Villager (Male) |
| 23:55 | Investigar | Bow Saw |
| 24:06 | Construir | Barracks |
| 24:16 | Investigar | Pikeman (upgrade) |
| 24:17 | Crear | Villager (Male) |
| 24:17 | Crear | Villager (Male) |
| 24:17 | Crear | Villager (Male) |
| 24:54 | Crear | Villager (Male) |
| 24:54 | Crear | Villager (Male) |
Build order — 2high2drush
Primeras 150 de 317 acciones detectadas
| 0:01 | Crear | Villager (Male) |
| 0:01 | Crear | Villager (Male) |
| 0:02 | Crear | Villager (Male) |
| 0:03 | Construir | House |
| 0:04 | Construir | House |
| 0:21 | Crear | Villager (Male) |
| 1:25 | Crear | Villager (Male) |
| 1:48 | Construir | Settlement |
| 2:09 | Crear | Villager (Male) |
| 2:32 | Crear | Villager (Male) |
| 2:32 | Crear | Villager (Male) |
| 3:03 | Crear | Villager (Male) |
| 3:28 | Crear | Villager (Male) |
| 3:47 | Crear | Villager (Male) |
| 4:07 | Crear | Villager (Male) |
| 4:08 | Crear | Villager (Male) |
| 4:26 | Construir | Settlement |
| 4:42 | Crear | Villager (Male) |
| 5:01 | Crear | Villager (Male) |
| 5:02 | Crear | Villager (Male) |
| 5:35 | Crear | Villager (Male) |
| 5:35 | Crear | Villager (Male) |
| 6:05 | Crear | Villager (Male) |
| 6:16 | Crear | Villager (Male) |
| 6:16 | Crear | Villager (Male) |
| 6:25 | Crear | Villager (Male) |
| 6:25 | Crear | Villager (Male) |
| 6:39 | Crear | Villager (Male) |
| 7:43 | Crear | Villager (Male) |
| 9:05 | Crear | Villager (Male) |
| 9:05 | Crear | Villager (Male) |
| 9:17 | Construir | Farm |
| 9:20 | Construir | Farm |
| 9:41 | Investigar | Feudal Age |
| 10:25 | Construir | Settlement |
| 10:29 | Construir | Farm |
| 10:31 | Construir | Farm |
| 10:33 | Construir | Farm |
| 10:47 | Crear | Villager (Male) |
| 10:47 | Crear | Villager (Male) |
| 11:54 | Edad | Edad Feudal |
| 11:56 | Construir | Market |
| 11:59 | Construir | Blacksmith |
| 12:14 | Investigar | Double-Bit Axe |
| 12:49 | Investigar | Castle Age |
| 13:12 | Investigar | Gold Mining |
| 14:50 | Investigar | Loom |
| 15:29 | Edad | Edad de los Castillos |
| 15:30 | Construir | Siege Workshop |
| 15:33 | Construir | Monastery |
| 15:36 | Construir | Monastery |
| 15:42 | Construir | Siege Workshop |
| 15:55 | Crear | Villager (Male) |
| 15:56 | Crear | Villager (Male) |
| 16:06 | Crear | Mangonel |
| 16:20 | Crear | Monk |
| 16:22 | Crear | Monk |
| 16:28 | Crear | Mangonel |
| 16:44 | Crear | Mangonel |
| 16:51 | Crear | Villager (Male) |
| 16:52 | Crear | Villager (Male) |
| 16:52 | Crear | Villager (Male) |
| 17:09 | Crear | Monk |
| 17:11 | Crear | Monk |
| 17:13 | Crear | Villager (Male) |
| 17:13 | Crear | Villager (Male) |
| 17:21 | Crear | Mangonel |
| 17:42 | Crear | Villager (Male) |
| 17:42 | Crear | Villager (Male) |
| 17:46 | Crear | Mangonel |
| 17:51 | Crear | Mangonel |
| 18:36 | Crear | Mangonel |
| 18:59 | Crear | Mangonel |
| 19:00 | Crear | Mangonel |
| 19:32 | Construir | Farm |
| 19:37 | Investigar | Sanctity |
| 20:11 | Crear | Villager (Male) |
| 20:11 | Crear | Villager (Male) |
| 20:12 | Crear | Villager (Male) |
| 20:12 | Crear | Villager (Male) |
| 20:17 | Crear | Monk |
| 20:22 | Crear | Monk |
| 21:01 | Crear | Villager (Male) |
| 21:01 | Crear | Villager (Male) |
| 21:55 | Crear | Mangonel |
| 21:55 | Crear | Mangonel |
| 21:55 | Crear | Mangonel |
| 21:55 | Crear | Mangonel |
| 22:11 | Crear | Villager (Male) |
| 22:11 | Crear | Villager (Male) |
| 22:11 | Crear | Villager (Male) |
| 22:24 | Crear | Villager (Male) |
| 22:24 | Crear | Villager (Male) |
| 22:31 | Crear | Villager (Male) |
| 22:32 | Crear | Villager (Male) |
| 22:32 | Crear | Villager (Male) |
| 22:33 | Crear | Mangonel |
| 22:33 | Crear | Mangonel |
| 22:37 | Construir | Farm |
| 22:38 | Construir | Farm |
| 22:38 | Construir | Farm |
| 22:52 | Construir | House |
| 23:22 | Crear | Villager (Male) |
| 23:48 | Crear | Villager (Male) |
| 23:48 | Crear | Villager (Male) |
| 24:42 | Crear | Villager (Male) |
| 24:42 | Crear | Villager (Male) |
| 24:48 | Construir | Settlement |
| 24:49 | Construir | Farm |
| 24:49 | Construir | Farm |
| 24:49 | Construir | Farm |
| 24:49 | Construir | Farm |
| 24:50 | Construir | Farm |
| 24:50 | Construir | Farm |
| 24:50 | Construir | Farm |
| 24:50 | Construir | Farm |
| 24:50 | Construir | Farm |
| 24:51 | Construir | Farm |
| 25:05 | Construir | Farm |
| 25:06 | Construir | Farm |
| 25:06 | Construir | Farm |
| 25:15 | Construir | Settlement |
| 25:24 | Construir | Farm |
| 25:25 | Crear | Villager (Male) |
| 26:34 | Crear | Villager (Male) |
| 26:34 | Crear | Villager (Male) |
| 27:06 | Crear | Battering Ram |
| 27:09 | Construir | Farm |
| 27:09 | Construir | Farm |
| 27:09 | Construir | Farm |
| 27:10 | Construir | Farm |
| 27:10 | Construir | Farm |
| 27:10 | Construir | Farm |
| 27:11 | Construir | Farm |
| 27:33 | Crear | Villager (Male) |
| 28:11 | Investigar | Imperial Age |
| 28:11 | Investigar | Imperial Age |
| 28:28 | Construir | Town Center |
| 28:37 | Construir | Town Center |
| 29:19 | Construir | Barracks |
| 30:04 | Construir | Settlement |
| 30:17 | Construir | Archery Range |
| 30:25 | Crear | Villager (Male) |
| 30:25 | Crear | Villager (Male) |
| 30:25 | Crear | Villager (Male) |
| 30:25 | Crear | Villager (Male) |
| 30:42 | Construir | Town Center |
| 30:43 | Crear | Villager (Male) |
| 30:45 | Crear | Villager (Male) |
| 30:46 | Crear | Villager (Male) |
Build order — Pegui
Primeras 150 de 430 acciones detectadas
| 0:01 | Crear | Villager (Male) |
| 0:01 | Crear | Villager (Male) |
| 0:01 | Crear | Villager (Male) |
| 0:02 | Crear | Villager (Male) |
| 0:03 | Construir | House |
| 0:05 | Construir | House |
| 1:39 | Crear | Villager (Male) |
| 1:44 | Construir | Lumber Camp |
| 1:58 | Crear | Villager (Male) |
| 2:33 | Crear | Villager (Male) |
| 2:56 | Crear | Villager (Male) |
| 3:16 | Crear | Villager (Male) |
| 3:26 | Construir | House |
| 3:27 | Construir | House |
| 3:55 | Crear | Villager (Male) |
| 4:25 | Construir | Mill |
| 4:28 | Crear | Villager (Male) |
| 4:29 | Crear | Villager (Male) |
| 4:29 | Crear | Villager (Male) |
| 4:59 | Crear | Villager (Male) |
| 4:59 | Crear | Villager (Male) |
| 5:57 | Crear | Villager (Male) |
| 6:39 | Crear | Villager (Male) |
| 6:47 | Construir | House |
| 7:04 | Crear | Villager (Male) |
| 7:27 | Crear | Villager (Male) |
| 7:58 | Construir | Lumber Camp |
| 8:06 | Crear | Villager (Male) |
| 8:11 | Investigar | Feudal Age |
| 8:19 | Construir | Mining Camp |
| 8:50 | Construir | Barracks |
| 10:21 | Edad | Edad Feudal |
| 10:24 | Construir | Market |
| 10:31 | Construir | Blacksmith |
| 10:37 | Crear | Villager (Male) |
| 10:50 | Construir | Farm |
| 11:02 | Crear | Villager (Male) |
| 11:26 | Crear | Villager (Male) |
| 11:30 | Construir | Farm |
| 11:33 | Construir | Farm |
| 11:57 | Investigar | Loom |
| 12:04 | Construir | Farm |
| 12:06 | Construir | Farm |
| 12:11 | Construir | Farm |
| 12:25 | Construir | Farm |
| 12:28 | Crear | Villager (Male) |
| 12:58 | Crear | Villager (Male) |
| 13:17 | Investigar | Castle Age |
| 13:23 | Construir | House |
| 13:25 | Construir | House |
| 13:58 | Investigar | Horse Collar |
| 14:27 | Investigar | Double-Bit Axe |
| 14:36 | Construir | Farm |
| 14:39 | Construir | House |
| 14:40 | Construir | House |
| 14:42 | Construir | House |
| 14:43 | Construir | House |
| 14:45 | Construir | House |
| 14:46 | Construir | House |
| 15:37 | Construir | House |
| 16:01 | Investigar | Town Watch |
| 16:03 | Edad | Edad de los Castillos |
| 16:06 | Construir | Town Center |
| 16:11 | Crear | Villager (Male) |
| 16:45 | Construir | Town Center |
| 16:52 | Crear | Villager (Male) |
| 17:04 | Construir | House |
| 17:11 | Crear | Villager (Male) |
| 17:11 | Crear | Villager (Male) |
| 17:16 | Investigar | Wheelbarrow |
| 17:26 | Crear | Villager (Male) |
| 17:27 | Crear | Villager (Male) |
| 17:27 | Crear | Villager (Male) |
| 17:27 | Crear | Villager (Male) |
| 17:27 | Crear | Villager (Male) |
| 17:29 | Crear | Villager (Male) |
| 17:29 | Crear | Villager (Male) |
| 17:36 | Crear | Villager (Male) |
| 17:36 | Crear | Villager (Male) |
| 17:55 | Crear | Villager (Male) |
| 18:05 | Crear | Villager (Male) |
| 18:05 | Crear | Villager (Male) |
| 18:06 | Crear | Villager (Male) |
| 18:26 | Construir | Farm |
| 18:29 | Construir | Farm |
| 18:32 | Crear | Villager (Male) |
| 18:34 | Crear | Villager (Male) |
| 18:49 | Construir | Monastery |
| 18:56 | Crear | Villager (Male) |
| 18:57 | Crear | Villager (Male) |
| 19:07 | Construir | House |
| 19:09 | Construir | House |
| 19:09 | Construir | House |
| 19:10 | Construir | House |
| 19:11 | Construir | House |
| 19:12 | Construir | House |
| 19:13 | Construir | House |
| 19:15 | Construir | House |
| 19:16 | Construir | House |
| 19:18 | Construir | House |
| 19:19 | Construir | House |
| 19:20 | Construir | House |
| 19:23 | Crear | Villager (Male) |
| 19:28 | Construir | Farm |
| 19:57 | Crear | Villager (Male) |
| 20:31 | Construir | Castle |
| 20:34 | Crear | Villager (Male) |
| 20:34 | Crear | Villager (Male) |
| 20:41 | Crear | Villager (Male) |
| 20:41 | Crear | Villager (Male) |
| 20:50 | Crear | Villager (Male) |
| 20:51 | Crear | Villager (Male) |
| 21:02 | Construir | Farm |
| 21:04 | Construir | Farm |
| 21:05 | Crear | Villager (Male) |
| 21:05 | Crear | Villager (Male) |
| 21:42 | Crear | Villager (Male) |
| 21:43 | Crear | Villager (Male) |
| 21:43 | Crear | Villager (Male) |
| 22:04 | Crear | Hussite Wagon |
| 22:32 | Construir | Town Center |
| 22:44 | Crear | Villager (Male) |
| 22:44 | Crear | Villager (Male) |
| 22:58 | Construir | Farm |
| 23:12 | Crear | Monk |
| 23:19 | Crear | Hussite Wagon |
| 23:24 | Crear | Villager (Male) |
| 23:24 | Crear | Villager (Male) |
| 24:16 | Crear | Villager (Male) |
| 24:16 | Crear | Villager (Male) |
| 24:17 | Crear | Villager (Male) |
| 24:37 | Construir | Town Center |
| 24:48 | Construir | Farm |
| 24:50 | Construir | Farm |
| 24:51 | Construir | Farm |
| 24:54 | Construir | Farm |
| 25:07 | Crear | Villager (Male) |
| 25:08 | Crear | Villager (Male) |
| 25:19 | Construir | Farm |
| 25:39 | Crear | Villager (Male) |
| 25:39 | Crear | Villager (Male) |
| 25:51 | Crear | Villager (Male) |
| 25:56 | Construir | Town Center |
| 26:12 | Crear | Villager (Male) |
| 26:12 | Crear | Villager (Male) |
| 26:23 | Construir | Farm |
| 26:24 | Crear | Villager (Male) |
| 26:25 | Crear | Villager (Male) |
| 26:54 | Crear | Villager (Male) |
| 27:01 | Construir | Stable |
Build order — CrimsonTyphoon
Primeras 150 de 339 acciones detectadas
| 0:01 | Crear | Villager (Male) |
| 0:01 | Crear | Villager (Male) |
| 0:01 | Crear | Villager (Male) |
| 0:03 | Construir | House |
| 0:04 | Construir | House |
| 0:10 | Crear | Villager (Male) |
| 0:10 | Crear | Villager (Male) |
| 0:10 | Crear | Villager (Male) |
| 1:45 | Crear | Villager (Male) |
| 1:46 | Crear | Villager (Male) |
| 1:51 | Construir | Lumber Camp |
| 2:05 | Crear | Villager (Male) |
| 2:05 | Crear | Villager (Male) |
| 2:45 | Crear | Villager (Male) |
| 2:57 | Crear | Villager (Male) |
| 3:21 | Crear | Villager (Male) |
| 3:21 | Crear | Villager (Male) |
| 3:22 | Crear | Villager (Male) |
| 3:42 | Construir | House |
| 3:46 | Construir | House |
| 4:00 | Crear | Villager (Male) |
| 4:00 | Crear | Villager (Male) |
| 4:14 | Crear | Villager (Male) |
| 4:15 | Crear | Villager (Male) |
| 4:21 | Construir | Mill |
| 4:50 | Crear | Villager (Male) |
| 4:50 | Crear | Villager (Male) |
| 5:05 | Crear | Villager (Male) |
| 5:05 | Crear | Villager (Male) |
| 5:06 | Crear | Villager (Male) |
| 5:13 | Crear | Villager (Male) |
| 5:13 | Crear | Villager (Male) |
| 5:44 | Construir | Farm |
| 6:08 | Construir | Farm |
| 6:09 | Crear | Villager (Male) |
| 6:34 | Construir | Farm |
| 6:46 | Crear | Villager (Male) |
| 6:47 | Crear | Villager (Male) |
| 6:47 | Crear | Villager (Male) |
| 6:47 | Crear | Villager (Male) |
| 7:01 | Crear | Villager (Male) |
| 8:24 | Construir | Mining Camp |
| 8:34 | Investigar | Feudal Age |
| 9:15 | Construir | House |
| 9:20 | Crear | Villager (Male) |
| 9:21 | Crear | Villager (Male) |
| 10:46 | Edad | Edad Feudal |
| 10:48 | Construir | Market |
| 10:50 | Construir | Blacksmith |
| 11:38 | Investigar | Castle Age |
| 11:38 | Investigar | Castle Age |
| 12:18 | Crear | Villager (Male) |
| 12:18 | Crear | Villager (Male) |
| 12:36 | Investigar | Double-Bit Axe |
| 12:37 | Investigar | Horse Collar |
| 14:18 | Edad | Edad de los Castillos |
| 14:20 | Construir | Town Center |
| 14:33 | Crear | Villager (Male) |
| 14:41 | Construir | Town Center |
| 14:45 | Crear | Villager (Male) |
| 14:52 | Investigar | Wheelbarrow |
| 15:12 | Construir | Farm |
| 15:12 | Construir | Farm |
| 15:19 | Crear | Villager (Male) |
| 15:39 | Crear | Villager (Male) |
| 15:45 | Investigar | Wheelbarrow |
| 16:01 | Construir | Farm |
| 16:06 | Crear | Villager (Male) |
| 16:06 | Crear | Villager (Male) |
| 16:07 | Crear | Villager (Male) |
| 16:07 | Crear | Villager (Male) |
| 16:08 | Crear | Villager (Male) |
| 16:13 | Crear | Villager (Male) |
| 16:13 | Crear | Villager (Male) |
| 16:14 | Crear | Villager (Male) |
| 16:14 | Crear | Villager (Male) |
| 16:36 | Construir | Siege Workshop |
| 17:17 | Crear | Villager (Male) |
| 17:17 | Crear | Villager (Male) |
| 17:20 | Construir | Barracks |
| 17:23 | Crear | Mangonel |
| 17:27 | Construir | Farm |
| 17:30 | Construir | Farm |
| 17:35 | Construir | Farm |
| 17:38 | Construir | Farm |
| 17:47 | Crear | Villager (Male) |
| 17:53 | Construir | House |
| 17:54 | Construir | House |
| 17:58 | Investigar | Loom |
| 18:03 | Construir | Monastery |
| 18:05 | Crear | Villager (Male) |
| 18:11 | Construir | Farm |
| 18:14 | Construir | Farm |
| 18:19 | Construir | Farm |
| 18:20 | Crear | Villager (Male) |
| 18:25 | Construir | Farm |
| 18:26 | Crear | Villager (Male) |
| 18:29 | Construir | Farm |
| 18:35 | Crear | Spearman |
| 18:38 | Construir | House |
| 18:40 | Construir | House |
| 18:42 | Construir | House |
| 18:49 | Construir | Farm |
| 18:53 | Investigar | Fervor |
| 18:56 | Crear | Monk |
| 18:58 | Construir | House |
| 19:00 | Crear | Spearman |
| 19:09 | Construir | Farm |
| 19:10 | Crear | Villager (Male) |
| 19:11 | Crear | Villager (Male) |
| 19:11 | Crear | Villager (Male) |
| 19:11 | Crear | Villager (Male) |
| 19:16 | Construir | Farm |
| 19:38 | Crear | Villager (Male) |
| 19:38 | Crear | Villager (Male) |
| 19:38 | Crear | Villager (Male) |
| 19:43 | Construir | Farm |
| 19:44 | Crear | Villager (Male) |
| 19:44 | Crear | Villager (Male) |
| 19:45 | Crear | Villager (Male) |
| 19:46 | Crear | Spearman |
| 19:59 | Construir | House |
| 20:01 | Construir | House |
| 20:02 | Construir | House |
| 20:04 | Crear | Villager (Male) |
| 20:04 | Crear | Villager (Male) |
| 20:04 | Crear | Villager (Male) |
| 20:08 | Construir | Farm |
| 20:11 | Construir | Farm |
| 20:13 | Crear | Villager (Male) |
| 20:13 | Crear | Villager (Male) |
| 20:13 | Crear | Villager (Male) |
| 20:23 | Construir | House |
| 20:24 | Construir | House |
| 20:26 | Crear | Villager (Male) |
| 20:26 | Crear | Villager (Male) |
| 20:26 | Crear | Villager (Male) |
| 20:44 | Construir | Farm |
| 20:45 | Crear | Villager (Male) |
| 20:45 | Crear | Villager (Male) |
| 20:45 | Crear | Villager (Male) |
| 20:45 | Crear | Villager (Male) |
| 20:52 | Construir | Farm |
| 20:52 | Construir | Farm |
| 20:52 | Construir | Farm |
| 20:53 | Construir | Farm |
| 20:58 | Construir | University |
| 20:59 | Crear | Villager (Male) |
| 21:09 | Construir | Farm |
| 21:10 | Crear | Villager (Male) |
Cronología de la partida
| 8:50 | Pegui · first_building Barracks |
| 10:21 | Pegui · age_up feudal |
| 10:31 | Camsera · age_up feudal |
| 10:33 | CKWeather · age_up feudal |
| 10:46 | CrimsonTyphoon · age_up feudal |
| 11:16 | Ancient · first_building Barracks |
| 11:39 | ennio2mil · age_up feudal |
| 11:54 | 2high2drush · age_up feudal |
| 12:04 | CKWeather · first_building Barracks |
| 12:11 | mR_GrincH_ · age_up feudal |
| 12:17 | Ancient · age_up feudal |
| 12:19 | Ancient · first_building Stable |
| 12:48 | Pegui · first_market_sell 100 wood |
| 12:49 | Pegui · first_market_buy 100 food |
| 14:01 | Camsera · age_up castle |
| 14:09 | CKWeather · age_up castle |
| 14:12 | CKWeather · first_building Monastery |
| 14:18 | CrimsonTyphoon · age_up castle |
| 14:48 | Camsera · first_market_buy 100 food |
| 15:29 | 2high2drush · age_up castle |
| 15:30 | 2high2drush · first_building Siege Workshop |
| 15:33 | 2high2drush · first_building Monastery |
| 15:59 | ennio2mil · age_up castle |
| 16:03 | Pegui · age_up castle |
| 16:25 | Ancient · age_up castle |
| 16:31 | mR_GrincH_ · age_up castle |
| 16:33 | Ancient · first_building Monastery |
| 16:36 | CrimsonTyphoon · first_building Siege Workshop |
| 17:19 | 2high2drush · first_market_sell 100 stone |
| 17:20 | CrimsonTyphoon · first_building Barracks |
| 17:35 | ennio2mil · first_building Castle |
| 17:43 | mR_GrincH_ · first_market_buy 100 stone |
| 18:03 | CrimsonTyphoon · first_building Monastery |
| 18:49 | Pegui · first_building Monastery |
| 19:25 | ennio2mil · first_market_buy 100 food |
| 20:31 | Pegui · first_building Castle |
| 20:32 | Ancient · first_building Castle |
| 21:48 | mR_GrincH_ · first_building Barracks |
| 22:01 | CrimsonTyphoon · first_building Archery Range |
| 22:30 | Ancient · first_building Siege Workshop |
| 22:35 | mR_GrincH_ · first_building Stable |
| 23:43 | Camsera · first_market_sell 500 wood |
| 23:55 | Camsera · first_building Siege Workshop |
| 24:07 | mR_GrincH_ · first_market_sell 100 wood |
| 25:25 | ennio2mil · first_building Barracks |
| 25:35 | mR_GrincH_ · first_building Monastery |
| 25:41 | Camsera · first_building Stable |
| 25:46 | mR_GrincH_ · first_building Siege Workshop |
| 27:01 | Pegui · first_building Stable |
| 27:14 | Camsera · age_up imperial |
| 27:28 | CrimsonTyphoon · age_up imperial |
| 27:44 | Ancient · first_building Archery Range |
| 28:27 | ennio2mil · age_up imperial |
| 29:05 | CKWeather · first_building Castle |
| 29:13 | Ancient · age_up imperial |
| 29:19 | 2high2drush · first_building Barracks |
| 29:21 | CrimsonTyphoon · wall_segment Palisade Wall x1 |
| 30:17 | 2high2drush · first_building Archery Range |
| 30:35 | mR_GrincH_ · first_building Archery Range |
| 30:38 | 2high2drush · first_market_buy 100 wood |
| 31:05 | Pegui · first_building Archery Range |
| 31:21 | 2high2drush · age_up imperial |
| 31:39 | mR_GrincH_ · age_up imperial |
| 31:58 | Ancient · first_market_sell 500 food |
| 31:59 | Camsera · first_building Castle |
| 33:00 | CKWeather · age_up imperial |
| 34:42 | mR_GrincH_ · first_building Castle |
| 34:42 | 2high2drush · first_building Castle |
| 35:05 | CrimsonTyphoon · first_building Castle |
| 37:57 | ennio2mil · first_building Siege Workshop |
| 39:31 | CKWeather · first_building Archery Range |
| 41:19 | 2high2drush · wall_segment Palisade Wall x1 |
| 41:20 | 2high2drush · wall_segment Palisade Wall x1 |
| 41:27 | Pegui · first_building Siege Workshop |
| 41:35 | Pegui · age_up imperial |
| 41:36 | 2high2drush · wall_segment Palisade Wall x1 |
| 41:38 | 2high2drush · wall_segment Palisade Wall x2 |
| 43:04 | Pegui · wall_segment Stone Wall x3 |
| 44:27 | Pegui · resign |
[ ANÁLISIS IA · 1 CRÉDITO ]
¿Qué pasó realmente en esta partida?
Wolo.gg analiza cada decisión: build order, eco, micro, errores típicos por bracket. Análisis personalizado por WhatsApp o Discord en 30 segundos.
Guía civ
Turcos
Perfil
Ancient